 Dungeon Crawl Stone Soup version 0.25-a0-737-g26c3a87c45 (webtiles) character file.

Game seed: 47283254647493815, levelgen mode: classic

26109 Amnesiac the Gelid (level 13, 0/114 HPs)
             Began as a Ghoul Ice Elementalist on Apr 11, 2020.
             Was a High Priest of Vehumet.
             Slain by a sixfirhy (12 damage)
             ... summoned by an orc high priest
             ... on level 2 of the Orcish Mines.
             The game lasted 00:28:10 (12180 turns).

Amnesiac the Gelid (Ghoul Ice Elementalist)        Turns: 12180, Time: 00:28:11

Health: 0/114      AC: 13    Str: 13    XL:     13   Next: 23%
Magic:  6/25       EV: 13    Int: 14    God:    Vehumet [*****.]
Gold:   834        SH:  7    Dex: 18    Spells: 15/30 levels left

rFire    + . .     SeeInvis +   a - +2 fustibalus
rCold    + . .     Gourm    .   w - +2 buckler
rNeg     + + +     Faith    .   P - +1 ring mail "Kiskuj" {Regen+ Dex+9 SInv} (curse)
rPois    ∞         Spirit   .   F - +0 helmet
rElec    .         Reflect  .   B - +1 cloak {MR+}
rCorr    .         Harm     .   p - +0 pair of gloves
MR       +....                  m - +2 pair of boots
Stlth    ++........             x - amulet of the acrobat
HPRegen  0.00/turn              o - ring of see invisible
MPRegen  0.19/turn              L - ring of protection from fire

@: frozen ramparts, rotting
A: rotting body, claws 1, carnivore, cold resistance 1, negative energy
resistance 3, inhibited regeneration, torment resistance, unbreathing
a: Renounce Religion


You were on level 2 of the Orcish Mines.
You worshipped Vehumet.
Vehumet was extremely pleased with you.
You were not hungry.

You visited 3 branches of the dungeon, and saw 14 of its levels.
You also visited: Bailey.

You collected 1106 gold pieces.
You spent 272 gold pieces at shops.

Inventory:

Hand Weapons
 a - a +2 fustibalus (weapon)
 b - a +2 flail of protection
 G - a +3 hand crossbow of flaming
Missiles
 f - 42 poisoned darts
 k - 7 javelins
 t - 322 stones (quivered)
 A - 78 sling bullets
 E - 49 bolts
Armour
 m - a +2 pair of boots (worn)
 n - a scarf of resistance
 p - a +0 pair of gloves (worn)
 w - a +2 buckler (worn)
 z - a +3 leather armour of cold resistance
 B - a +1 cloak of magic resistance (worn)
 F - a +0 helmet (worn)
 I - the +3 hat of Pondering {ponderous, MR+ MP+10 Int+5}
   (You took it off Gastronok on level 11 of the Dungeon)

   It affects your intelligence (+5).
   It affects your resistance to hostile enchantments.
   It affects your magic capacity (+10).
 P - the cursed +1 ring mail "Kiskuj" (worn) {Regen+ Dex+9 SInv}
   (You found it in a bailey)

   It affects your dexterity (+9).
   It lets you see invisible.
   It increases your rate of regeneration.
   It has a curse placed upon it.
Jewellery
 o - a ring of see invisible (left hand)
 x - an amulet of the acrobat (around neck)
 L - a ring of protection from fire (right hand)
Wands
 v - a wand of iceblast (9)
 y - a wand of polymorph (11)
 Q - a wand of paralysis (9)
 S - a wand of clouds (10)
Scrolls
 d - a scroll of enchant armour {!r}
 g - 5 scrolls of teleportation {!r}
 h - a scroll of fear {!r}
 i - 5 scrolls of remove curse {!r}
 l - 4 scrolls of blinking {!r}
 s - 3 scrolls of magic mapping {!r}
 K - 3 scrolls of fog {!r}
Potions
 e - a potion of resistance {!q}
 j - 3 potions of curing {!q, unknown}
 q - 3 potions of heal wounds {!q}
 r - 3 potions of brilliance {!q, unknown}
 u - a potion of magic {!q, unknown}
 C - 3 potions of cancellation {!q, unknown}
 H - 2 potions of stabbing {!q, unknown}
 J - a potion of invisibility {!q}
 O - 2 potions of berserk rage {!q, unknown}
Comestibles
 c - 22 rations
 D - 3 chunks of flesh


   Skills:
 + Level 10.7 Fighting
 - Level 4.0 Dodging
 - Level 2.1 Stealth
 - Level 4.0 Shields
 + Level 9.4 Spellcasting
 * Level 16.3 Ice Magic


You had 15 spell levels left.
You knew the following spells:

 Your Spells              Type           Power        Failure   Level  Hunger
a - Freeze                Ice            ####         1%          1    None
b - Frozen Ramparts       Ice            ######       1%          3    #......
c - Summon Ice Beast      Ice/Summ       ####....     9%          4    ###....
d - Hailstorm             Conj/Ice       ####....     2%          4    ###....
z - Ozocubu's Armour      Chrm/Ice       ####....     2%          3    #......

Your spell library contained the following spells:

 Spells                   Type           Power        Failure   Level  Hunger
 Iron Shot                Conj/Erth      #.........   100%        6    ######.
 Foxfire                  Conj/Fire      #...         7%          1    None
 Conjure Flame            Conj/Fire      #.......     19%         3    #......
 Inner Flame              Hex/Fire       #.......     19%         3    #......
 Animate Skeleton         Necr           N/A          24%         1    None
 Apportation              Tloc           #.....       24%         1    None
 Corona                   Hex            #......      24%         1    None
 Summon Small Mammal      Summ           #...         24%         1    None
 Metabolic Englaciation   Hex/Ice        ####......   24%         5    #####..
 Sticky Flame             Conj/Fire      #.......     50%         4    ###....
 Confusing Touch          Hex            #.......     58%         3    #......
 Gell's Gravitas          Tloc           #.........   58%         3    #......
 Fireball                 Conj/Fire      #.........   82%         5    #####..
 Yara's Violent Unravell  Hex/Tmut       #.........   82%         5    #####..
 Petrify                  Tmut/Erth      #.......     94%         4    ###....


Dungeon Overview and Level Annotations

Branches:
Dungeon (11/15)            Temple (1/1) D:4            Lair (0/6) D:9
    Orc (2/2) D:11         Bailey (visited)
    Elf: Orc:2

Altars:
Ashenzari
Cheibriados
Dithmenos
Elyvilon
Fedhas
Gozag
Hepliaklqana
Kikubaaqudgha
Makhleb
Nemelex Xobeh
Okawaru
Qazlal
Ru
Sif Muna
Trog
Uskayaw
Vehumet
Wu Jian
Xom
Yredelemnul
Zin
The Shining One
Beogh

Shops:
D:6 *   D:8 }   Orc:2 ![

Portals:
Trove: D:10 (give horn of Geryon)

Annotations:
D:8 2 transporters, catzilla's ghost, novice MiBe
D:11 2 transporters, Lovchig's ghost, journeyman DDFi


Innate Abilities, Weirdness & Mutations

Your body is rotting away.
You thrive on raw meat.
You are immune to poison.
You have sharp fingernails.
You are carnivorous and can eat meat at any time.
Your flesh is cold resistant. (rC+)
You are immune to negative energy. (rN+++)
You do not regenerate when monsters are visible.
You are immune to unholy pain and torment.
You can survive without breathing.


Message History

Beogh smites you!
The orc high priest starts to sing a prayer.
The orc high priest hits you with a +0 halberd.
* * * LOW HITPOINT WARNING * * *
You block the sixfirhy's attack.
The sixfirhy hits you but does no damage.
The orc high priest utters an invocation to Beogh.
Things that are here:
a cursed -3 mace; a stone
Casting: Freeze (safe; 1% risk of failure)
Confirm with . or Enter, or press ? or * to list all spells.
The walls around you are covered in ice.
The wall freezes the sixfirhy.
The wall freezes the sixfirhy but do no damage.
The wall freezes the sixfirhy. x3; The wall freezes the orc high priest.
The orc high priest misses you.
The wall freezes the sixfirhy.
The wall freezes the hellwing.
The wall freezes the sixfirhy but do no damage.
Evoke which item? (* to show all) (? for menu, Esc to quit)
Aiming: Paralyse
Press: ? - help, Shift-Dir - straight line, f/p - orc high priest
Aim: an orc high priest, wielding a +0 halberd (heavily wounded, chance to defeat MR: 15%)
The sixfirhy resists with almost no effort.
The wall freezes the sixfirhy. x2
The wall freezes the sixfirhy but do no damage.
The wall freezes the sixfirhy. x2; The wall freezes the orc high priest.
The orc high priest hits you but does no damage.
The wall freezes the sixfirhy.
The wall freezes the hellwing!
Evoke which item? (* to show all) (? for menu, Esc to quit)
Aiming: Paralyse
Press: ? - help, Shift-Dir - straight line, f/p - orc high priest
Aim: an orc high priest, wielding a +0 halberd (heavily wounded, chance to defeat MR: 15%)
The sixfirhy resists with almost no effort.
You hear the thunderous beating of a very distant drum.
The wall freezes the sixfirhy.
The sixfirhy closely misses you.
The wall freezes the sixfirhy but do no damage.
The sixfirhy hits you.
* * * LOW HITPOINT WARNING * * *
The sixfirhy shocks you!
* * * LOW HITPOINT WARNING * * *
The wall freezes the sixfirhy.
The sixfirhy closely misses you.
The wall freezes the sixfirhy but do no damage.
The sixfirhy hits you but does no damage.
The wall freezes the orc high priest.
The orc high priest completely misses you.
The wall freezes the hellwing.
Evoke which item? (* to show all) (? for menu, Esc to quit)
Aiming: Cloud Cone
Press: ? - help, Dir - move target cursor, f/p - orc high priest
Aim: an orc high priest, wielding a +0 halberd (heavily wounded)
You create a blast of poison gas!
The sixfirhy is poisoned.
The wall freezes the sixfirhy but do no damage.
You block the sixfirhy's attack.
The sixfirhy is engulfed in poison gas.
The sixfirhy looks even sicker.
The wall freezes the sixfirhy.
The sixfirhy closely misses you.
The sixfirhy looks even sicker.
The wall freezes the sixfirhy.
The sixfirhy hits you.
* * * LOW HITPOINT WARNING * * *
The sixfirhy shocks you!
* * * LOW HITPOINT WARNING * * *
The sixfirhy looks as sick as possible!
The wall freezes the sixfirhy.
The sixfirhy hits you!
* * * LOW HITPOINT WARNING * * *
The sixfirhy shocks you!
You die...

..o............
.....................
........h...([)......
.......######(.#
.......#∩...#.)#
#.....#....#.†#######.#
##....#....#)).........
##.....###§##..###.###..
#......§§§o3@).# #.#
.......###4###.# #.#
....... 4(o..#.###.###.#
#.##...#...o.#.).......# .
#..h#.....#.###.###.#
....#∩....#.# #)# #
.#..(#######)###)###.####
##............))))).......
.........÷).........


You could see an orc high priest, a hellwing, a rust devil and a sixfirhy.

Vanquished Creatures
  Gastronok (D:11)
  Josephine (D:10)
  A hydra (D:9)
  3 two-headed ogres
  5 orc high priests (Orc:2)
  Nergalle (D:11)
  A deep troll (Orc:2)
  An unseen horror (D:10)
  An orc knight (Orc:2)
  A manticore (D:11)
  2 gargoyles
  2 trolls (D:9)
  Grinder (D:5)
  2 hornets (D:9)
  5 hippogriffs
  2 wraiths (D:10)
  10 yaks
  Eustachio (D:4)
  3 hogs (D:7)
  A human (D:7)
  3 basilisks
  A vampire mosquito (D:11)
  2 hungry ghosts
  8 wargs
  Edmund (D:4)
  5 porcupines (D:9)
  3 ice beasts (D:7)
  A black bear (D:9)
  18 orc warriors
  3 sky beasts
  4 phantoms
  4 centaurs
  8 ogres
  5 crocodiles
  7 bullfrogs
  5 scorpions
  11 killer bees (D:9)
  4 howler monkeys
  3 crimson imps
  A centaur zombie (D:8)
  A bullfrog zombie (D:11)
  9 hounds
  2 jellies
  31 orc priests
  2 centaur skeletons
  Crazy Yiuf (D:4)
  3 iguanas (D:7)
  10 orc wizards
  10 worker ants
  A killer bee zombie (D:8)
  3 hound zombies
  A hound skeleton (D:7)
  A worker ant zombie (D:5)
  14 adders
  9 gnolls
  A shadow imp (D:11)
  An ooze (D:6)
  An adder skeleton (D:4)
  An adder zombie (D:5)
  3 worms (D:3)
  2 dart slugs
  4 leopard geckos
  68 orcs
  7 bats
  6 giant cockroaches
  13 goblins
  14 hobgoblins
  2 jackals (D:2)
  23 kobolds
  6 quokkas
  2 ball pythons (D:3)
  11 frilled lizards
  A jackal skeleton (D:5)
  2 quokka skeletons
  A quokka zombie (D:8)
  7 rats
416 creatures vanquished.

Vanquished Creatures (collateral kills)
  2 wraiths
2 creatures vanquished.

Vanquished Creatures (others)
  5 fungi (D:9)
  2 plants (D:9)
7 creatures vanquished.

Grand Total: 425 creatures vanquished

Notes
Turn   | Place    | Note
-------+----------+-------------------------------------------
     0 | D:1      | Amnesiac the Ghoul Ice Elementalist began the quest for the
                  | Orb.
     0 | D:1      | Reached XP level 1. HP: 14/14 MP: 2/2
    65 | D:1      | Reached XP level 2. HP: 10/20 MP: 0/3
   278 | D:1      | Reached XP level 3. HP: 23/26 MP: 0/5
   293 | D:1      | Reached skill level 1 in Shields
   293 | D:1      | Reached skill level 5 in Ice Magic
   372 | D:1      | Found an iron altar of Okawaru.
   753 | D:2      | Learned a level 3 spell: Frozen Ramparts
  1217 | D:2      | Found a shimmering blue altar of Sif Muna.
  1318 | D:3      | Reached XP level 4. HP: 33/33 MP: 3/6
  1343 | D:3      | Found a hide-covered altar of Uskayaw.
  1348 | D:3      | Found a sparkling altar of Nemelex Xobeh.
  1351 | D:3      | Found a shadowy altar of Dithmenos.
  1493 | D:3      | Reached XP level 5. HP: 36/38 MP: 0/7
  1932 | D:4      | Found a staircase to the Ecumenical Temple.
  1965 | Temple   | Entered the Ecumenical Temple
  1971 | D:4      | Reached skill level 6 in Ice Magic
  2071 | D:4      | Noticed Eustachio
  2104 | D:4      | Reached XP level 6. HP: 37/45 MP: 2/9
  2203 | D:4      | Killed Eustachio
  2262 | D:4      | Noticed Edmund
  2277 | D:4      | Killed Edmund
  2277 | D:4      | Reached skill level 7 in Ice Magic
  2277 | D:4      | Reached XP level 7. HP: 37/50 MP: 6/10
  2406 | D:4      | Learned a level 3 spell: Ozocubu's Armour
  2411 | D:4      | Learned a level 4 spell: Summon Ice Beast
  2544 | D:4      | Found a runed translucent door.
  2545 | D:4      | Noticed Crazy Yiuf
  2553 | D:4      | Killed Crazy Yiuf
  2718 | D:5      | Entered Level 5 of the Dungeon
  2728 | D:5      | Found a hazy altar of Hepliaklqana.
  2728 | D:5      | Found a basalt altar of Yredelemnul.
  2742 | D:5      | Noticed Grinder
  2817 | D:5      | Killed Grinder
  2817 | D:5      | Reached XP level 8. HP: 20/57 MP: 12/12
  3082 | D:5      | Found a blossoming altar of Fedhas.
  3112 | D:5      | Reached skill level 8 in Ice Magic
  3946 | D:6      | Found Jits's Assorted Antiques.
  3992 | D:6      | Reached skill level 1 in Fighting
  4050 | D:6      | Reached skill level 9 in Ice Magic
  4092 | D:6      | Bought a scroll labeled DEUNLI CEAMIO for 17 gold pieces
  4092 | D:6      | Bought a hardcover book for 255 gold pieces
  4208 | D:7      | Noticed a hippogriff
  4214 | D:7      | Killed a hippogriff
  4214 | D:7      | Reached XP level 9. HP: 42/67 MP: 5/14
  4319 | D:6      | Found a glowing golden altar of the Shining One.
  4625 | D:7      | Noticed a two-headed ogre
  4657 | D:7      | Killed a two-headed ogre
  4657 | D:7      | Reached skill level 5 in Spellcasting
  4657 | D:7      | Reached skill level 10 in Ice Magic
  4848 | D:7      | Reached skill level 11 in Ice Magic
  4848 | D:7      | Reached XP level 10. HP: 34/80 MP: 1/17
  4923 | D:7      | Reached skill level 5 in Fighting
  5740 | D:8      | Found a transporter.
  5757 | D:8      | Found a transporter.
  5761 | D:8      | Noticed catzilla's ghost (novice MiBe)
  5825 | D:8      | Found a sacrificial altar of Ru.
  5940 | D:8      | Found a radiant altar of Vehumet.
  5957 | D:8      | Became a worshipper of Vehumet
  6015 | D:8      | Found Qeroraa's Gadget Boutique.
  6031 | D:8      | Reached skill level 12 in Ice Magic
  6204 | D:8      | Found a glowing silver altar of Zin.
  6204 | D:8      | Found an ancient bone altar of Kikubaaqudgha.
  6493 | D:9      | Found a staircase to the Lair.
  6507 | D:9      | Reached XP level 11. HP: 81/91 MP: 17/20
  6553 | D:9      | Reached * piety under Vehumet
  6553 | D:9      | Offered knowledge of Magic Dart by Vehumet.
  6725 | D:9      | Found a radiant altar of Vehumet.
  6725 | D:9      | Found an ornate altar of the Wu Jian Council.
  6726 | D:9      | Noticed a seven-headed hydra
  6730 | D:9      | Reached skill level 13 in Ice Magic
  6784 | D:9      | Killed a seven-headed hydra
  7131 | D:9      | Learned a level 4 spell: Hailstorm
  7781 | D:10     | Entered Level 10 of the Dungeon
  7815 | D:10     | Reached ** piety under Vehumet
  7865 | D:10     | Noticed an unseen horror
  7870 | D:10     | Killed an unseen horror
  7891 | D:10     | Offered knowledge of Sandblast by Vehumet.
  8044 | D:10     | Noticed Josephine
  8055 | D:10     | Killed Josephine
  8055 | D:10     | Reached skill level 14 in Ice Magic
  8098 | D:10     | HP: 1/95 [orc priest/divine providence (11)]
  8251 | D:10     | Found a portal to a secret trove of treasure.
  8321 | D:10     | Reached XP level 12. HP: 103/103 MP: 21/23
  8850 | D:11     | Noticed a two-headed ogre
  8869 | D:11     | Killed a two-headed ogre
  9083 | D:11     | Noticed Nergalle
  9092 | D:11     | Killed Nergalle
  9104 | D:11     | Noticed Lovchig's ghost (journeyman DDFi)
  9178 | D:11     | Noticed Gastronok
  9196 | D:11     | Offered knowledge of Searing Ray by Vehumet.
  9216 | D:11     | Killed Gastronok
  9216 | D:11     | Reached skill level 15 in Ice Magic
  9267 | D:11     | Found a staircase to the Orcish Mines.
  9361 | D:11     | Reached *** piety under Vehumet
  9450 | D:11     | Found a transporter.
  9476 | D:11     | Found a transporter.
  9791 | Orc:1    | Entered Level 1 of the Orcish Mines
  9808 | Orc:1    | Found a flagged portal.
  9824 | Bailey   | Entered a bailey
  9878 | Bailey   | Offered knowledge of Olgreb's Toxic Radiance by Vehumet.
  9932 | Bailey   | Reached **** piety under Vehumet
 10012 | Bailey   | Got a steaming ring mail
 10033 | Bailey   | Identified the cursed +1 ring mail "Kiskuj" {Regen+ Dex+9
                  | SInv} (You found it in a bailey)
 10066 | Orc:1    | Found a roughly hewn altar of Beogh.
 10114 | Orc:1    | Offered knowledge of Bolt of Magma by Vehumet.
 11865 | Orc:2    | Entered Level 2 of the Orcish Mines
 11938 | Orc:2    | Found a roughly hewn altar of Beogh.
 11938 | Orc:2    | Noticed an orc high priest
 11951 | Orc:2    | Noticed a sun demon
 11951 | Orc:2    | Killed an orc high priest
 11951 | Orc:2    | Reached skill level 10 in Fighting
 11965 | Orc:2    | Noticed an orc high priest
 11977 | Orc:2    | Killed an orc high priest
 11985 | Orc:2    | Noticed an orc high priest
 11990 | Orc:2    | Noticed a sun demon
 12002 | Orc:2    | Killed an orc high priest
 12073 | Orc:2    | Reached XP level 13. HP: 103/114 MP: 21/25
 12083 | Orc:2    | Reached skill level 16 in Ice Magic
 12104 | Orc:2    | Found Tusy's Distillery.
 12153 | Orc:2    | Reached ***** piety under Vehumet
 12155 | Orc:2    | Offered knowledge of Iron Shot by Vehumet.
 12169 | Orc:2    | Found Hanycuid's Armour Shoppe.
 12180 | Orc:2    | Slain by a sixfirhy

Levels and vault maps discovered:
D:1:      minmay_arrival_stone_box, layout_loops_ring, kennysheep_flooded_box,
          minivault_24, wander_ebering_terrifying_dragon_lair
D:2:      layout_rooms, marbit_many_paths, first_ration
D:3:      layout_rooms, minitemple
D:4:      layout_cave_pools, minmay_temple_entry_trees, uniq_edmund,
          uniq_eustachio, uniq_crazy_yiuf_cottage
D:5:      minmay_spotlight, layout_cave_pods, fedhas_ov_isle_minmay,
          gammafunk_temple_overflow_wave, uniq_grinder
D:6:      layout_basic, tso_altar, serial_shops, nicolae_shop_waterfront
D:7:      minmay_inner_zag, layout_loops_corners, grunt_livestock
D:8:      layout_basic, old_standard_altar, amethyst_overflow_temple_binary,
          serial_shops, shop, gammafunk_ghost_stat_death,
          minmay_misc_feat_columns, chequers_mini_garden,
          nicolae_ru_sacrificial_ziggurat
D:9:      layout_stronghold, due_lair_maze_entry_diamond, jmf_multi_god_temple
D:10:     layout_roguey, enter_trove_1, kennysheep_doodads, uniq_josephine
D:11:     layout_basic, orc_0_dummy, gammafunk_ghost_stat_death, st_stairs_3,
          uniq_gastronok, uniq_nergalle
Temple:   cyrus_temple_forest
Orc:1:    layout_diamond_mine, enter_bailey_2, basic_altar
Orc:2:    st_orc_town, layout_caves, basic_altar, gauntlet_entry_generic,
          nicolae_orc_flooded_monolith, guppyfry_orc_lava_fort, uniq_donald,
          uniq_azrael

Skill      XL: |  1  2  3  4  5  6  7  8  9 10 11 12 13 |
---------------+----------------------------------------+-----
Spellcasting   | 2 3 4 5 6 8 9 |  9.4
Shields        | 1 2 3 4 |  4.0
Ice Magic      | 5 6 7 9 11 12 14 15 16 | 16.3
Dodging        | 2 3 4 |  4.0
Fighting       | 2 4 6 8 10 | 10.7
Stealth        | |  2.1

Action                   |  1- 3 |  4- 6 |  7- 9 | 10-12 | 13-15 || total
-------------------------+-------+-------+-------+-------+-------++-------
Melee: Unarmed           |    40 |       |       |     8 |       ||    48
       Whip              |    63 |    94 |       |       |       ||   157
       Dagger            |       |    62 |    52 |       |       ||   114
       Flail             |       |       |   123 |   307 |       ||   430
 Fire: Hand crossbow     |       |       |       |   103 |       ||   103
       Fustibalus        |       |       |       |     6 |    10 ||    16
Throw: Dart              |       |       |       |    13 |       ||    13
 Cast: Freeze            |    28 |    19 |    83 |   169 |    35 ||   334
       Frozen Ramparts   |     2 |     9 |    16 |    73 |     8 ||   108
       Summon Ice Beast  |       |       |       |     7 |       ||     7
Evoke: Wand              |       |       |       |       |     3 ||     3
  Use: Scroll            |       |       |       |    18 |       ||    18
       Potion            |       |       |       |     1 |       ||     1
 Stab: Sleeping          |     2 |       |     4 |     1 |       ||     7
  Eat: Chunk             |    12 |    12 |    12 |    94 |     7 ||   137
Armor: Robe              |    13 |    61 |       |       |       ||    74
       Leather armour    |       |     6 |    86 |   217 |       ||   309
       Ring mail         |       |       |       |    12 |     9 ||    21
Dodge: Dodged            |    61 |   165 |   141 |   386 |    28 ||   781
Block: Buckler           |    28 |    65 |    75 |   197 |    14 ||   379

Table legend:
 A = Non-vault XP
 B = Vault XP
 C = Vault XP percentage of total XP
 D = Non-vault monster count
 E = Vault monster count
 F = Vault count percentage of total count
                 A         B        C        D         E       F
            +---------+---------+-------+---------+---------+-------
      Total |   18174 |   19125 |  51.3 |     298 |     120 |  28.7
            +---------+---------+-------+---------+---------+-------
        D:1 |      44 |       3 |   6.4 |      27 |       1 |   3.6
        D:2 |      30 |       1 |   3.2 |      16 |       1 |   5.9
        D:3 |     110 |       0 |   0.0 |      29 |       0 |   0.0
        D:4 |     348 |     400 |  53.5 |      20 |       3 |  13.0
        D:5 |     812 |     294 |  26.6 |      19 |       4 |  17.4
        D:6 |     502 |       0 |   0.0 |      12 |       0 |   0.0
        D:7 |    2624 |    1239 |  32.1 |      22 |      10 |  31.2
        D:8 |    1265 |       0 |   0.0 |      30 |       0 |   0.0
        D:9 |    3801 |    3070 |  44.7 |      41 |      14 |  25.5
       D:10 |    3075 |    1631 |  34.7 |      25 |       4 |  13.8
       D:11 |    3155 |    3823 |  54.8 |      27 |       5 |  15.6
      Orc:1 |    1167 |       0 |   0.0 |      19 |       0 |   0.0
      Orc:2 |    1241 |    7920 |  86.5 |      11 |      46 |  80.7
     Bailey |       0 |     744 | 100.0 |       0 |      32 | 100.0
            +---------+---------+-------+---------+---------+-------
